 Dungeon Crawl Stone Soup version 0.21-a0-442-g848f44b (webtiles) character file.

16 Goblin1989 the Skirmisher (level 2, -1/27 HPs)
             Began as a Naga Wanderer on Nov 14, 2017.
             Slain by a hobgoblin (3 damage)
             ... on level 1 of the Dungeon.
             The game lasted 00:01:34 (318 turns).

Goblin1989 the Skirmisher (Naga Wanderer)            Turns: 318, Time: 00:01:34

Health: -1/27      AC:  1    Str: 12    XL:     2   Next: 58%
Magic:  2/2        EV:  9    Int: 13    God:
Gold:   35         SH:  0    Dex: 11    Spells: 1/1 levels left

rFire    . . .     SeeInvis +   d - +0 short sword
rCold    . . .     Gourm    .   (no shield)
rNeg     . . .     Faith    .   f - +0 robe
rPois    +         Spirit   .   (no helmet)
rElec    .         Reflect  .   (no cloak)
rCorr    .         Harm     .   (no gloves)
MR       .....                  (no barding)
Stlth    ++........             (no amulet)
HPRegen  0.09/turn              (no ring)
MPRegen  0.08/turn              (no ring)

@: very slow
A: see invisible, deformed body, poison resistance, slowness 2, slow metabolism
1, spit poison 1, AC +0
a: Spit Poison


You were on level 1 of the Dungeon.
You were not hungry.

You visited 1 branch of the dungeon, and saw 1 of its levels.

You collected 35 gold pieces.

Inventory:

Hand Weapons
 c - a +0 quarterstaff
 d - a +0 short sword (weapon)
 w - a +2 blowgun {@w1}
Missiles
 a - 2 curare-tipped needles
 z - 3 tomahawks (quivered)
 A - 4 stones
Armour
 f - a +0 robe (worn)
 B - a +0 scale mail
Scrolls
 y - a scroll of identify {unknown}
Potions
 D - 2 potions of brilliance {unknown}
Comestibles
 e - a bread ration {@e1}
 C - 4 chunks of flesh


   Skills:
 + Level 2.6 Fighting
 - Level 2.0 Short Blades
 - Level 1.1 Throwing
 - Level 1.6 Armour
 - Level 1.1 Dodging
 - Level 1.9 Stealth
   Level 1.0 Evocations


You had one spell level left.
You didn't know any spells.

Dungeon Overview and Level Annotations

Branches:
Dungeon (1/15)

Altars:


Innate Abilities, Weirdness & Mutations

You cannot wear boots.
Your serpentine skin is tough. (AC +0)
You have supernaturally acute eyesight. (SInv)
Armour fits poorly on your strangely shaped body.
Your system is resistant to poisons. (rPois)
You cover ground very slowly.
You have a slow metabolism.
You can spit poison.


Message History

No target in view!
No target in view!
No target in view!
No target in view!
No target in view!
No target in view!
No target in view!
No target in view!
You now have 35 gold pieces (gained 10).
D - 2 fizzy golden potions A bat and a rat come into view.
You completely miss the bat. The bat hits you.
You take 1 damage, and have 26/27 hp.
You hit the bat but do no damage. The bat hits you but does no damage.
You hit the bat.
You kill the bat!
The rat bites you. The rat barely misses you.
You see here a bat corpse.
You take 1 damage, and have 25/27 hp.
You closely miss the rat. The rat completely misses you.
You closely miss the rat. The rat barely misses you.
You hit the rat.
You kill the rat!
No target in view!
No target in view!
No target in view!
No target in view!
No target in view!
No target in view!
No target in view!
No target in view!
No target in view!
No target in view!
No target in view!
No target in view!
No target in view!
No target in view!
No target in view!
No target in view!
No target in view!
No target in view!
You butcher the bat corpse.
C - 4 chunks of flesh (gained 1)
You see here a bat skeleton. x2
Health restored: 27 A jackal comes into view.
A bat, 2 jackals and a goblin come into view.
The goblin shouts!
The jackal barks! x2; You hear a shout!
You hear a bark!
You barely miss the goblin. The goblin hits you.
A hobgoblin comes into view.
You hit the goblin.
You kill the goblin!
You hit the jackal but do no damage.
The jackal bites you but does no damage.
The jackal barely misses you.
You take 2 damage, and have 25/27 hp.
You closely miss the jackal. The jackal closely misses you.
You closely miss the jackal. The jackal closely misses you.
The jackal bites you. x2
A rat comes into view.
You take 5 damage, and have 20/27 hp.
You hit the jackal.
The jackal is severely wounded.
The jackal bites you. x4
* * * LOW HITPOINT WARNING * * *
You are too injured to fight recklessly!
You are too injured to fight recklessly!
You take 9 damage, and have 11/27 hp.
MASSIVE DAMAGE!!
Unknown command.
You hit the jackal but do no damage.
The jackal is severely wounded.
The jackal barely misses you. x3; The jackal bites you.
* * * LOW HITPOINT WARNING * * *
The hobgoblin hits you.
* * * LOW HITPOINT WARNING * * *
A rat comes into view.
You take 4 damage, and have 7/27 hp.
You hit the jackal but do no damage.
The jackal is severely wounded.
The jackal closely misses you.
The jackal bites you but does no damage.
The jackal barely misses you. The jackal bites you.
* * * LOW HITPOINT WARNING * * *
The jackal bites you but does no damage.
The hobgoblin barely misses you.
You take 1 damage, and have 6/27 hp.
You hit the jackal.
The jackal is almost dead.
The jackal barely misses you. The jackal bites you.
* * * LOW HITPOINT WARNING * * *
The jackal barely misses you. The hobgoblin hits you.
* * * LOW HITPOINT WARNING * * *
The jackal bites you.
* * * LOW HITPOINT WARNING * * *
You take 4 damage, and have 2/27 hp.
You hit the jackal.
You kill the jackal!
The jackal barely misses you. The jackal closely misses you.
The hobgoblin hits you.
You die...

.. ███...█...♣♣...8..8
█.. █.....██..♣♣♣....÷.
... █....███...♣♣...÷..
.█.███....███...♣♣..8..8
█..........÷....♣♣......
█.█.█......████.█████████
...........█ █...
.█.█.█†████████.██
.......h@.........
█...r..h█g........█
......r...........█
█.█.....█.█.....
..............██
█.█.█...█.█ █...
.█......... ..? .█.█.█.
.█ █.


You could see 2 jackals, a hobgoblin and 2 rats.

Vanquished Creatures
  A leopard gecko (D:1)
  A giant cockroach (D:1)
  A goblin (D:1)
  2 hobgoblins (D:1)
  A jackal (D:1)
  A kobold (D:1)
  4 bats (D:1)
  2 frilled lizards (D:1)
  A rat (D:1)
14 creatures vanquished.

Notes
Turn   | Place    | Note
-------+----------+-------------------------------------------
     0 | D:1      | Goblin1989 the Naga Wanderer began the quest for the Orb.
     0 | D:1      | Goblin1989 set off with: 2 curare-tipped needles, a +0 quarterstaff, a +0 short sword, a bread ration {@e1}, a +0 robe, a +2 blowgun {@w1}
     0 | D:1      | Reached XP level 1. HP: 19/19 MP: 1/1
   245 | D:1      | Reached XP level 2. HP: 26/26 MP: 2/2
   318 | D:1      | Slain by a hobgoblin

Vault maps used:
D:1:      giann_forest_graveyard, hangedman_decor_riveting,
          minmay_misc_feat_more_columns

Action                   || total
-------------------------++-------
Melee: Short sword       ||    48
Armor: Robe              ||    14
Dodge: Dodged            ||    35

Table legend:
 A = Spawn XP
 B = Non-spawn XP
 C = Spawn XP percentage of total XP
 D = Spawn monster count
 E = Non-spawn monster count
 F = Spawn count percentage of total count
 G = Total turns spent on level
                    A         B        C        D         E        F      G
               +---------+---------+-------+---------+---------+-------+---------
         Total |       0 |      24 |   0.0 |       0 |      14 |   0.0 |   318
               +---------+---------+-------+---------+---------+-------+---------
           D:1 |       0 |      24 |   0.0 |       0 |      14 |   0.0 |   318
               +---------+---------+-------+---------+---------+-------+---------

Vault maps used:
D:1:      giann_forest_graveyard, hangedman_decor_riveting,
          minmay_misc_feat_more_columns
